 Dungeon Crawl Stone Soup version 0.29.1-2-gbd0b4ee654 (webtiles) character file.

Game seed: 743594337260641812

21 cdecastro the Firebug (level 3, -3/29 HPs)
             Began as a Human Cinder Acolyte on Nov 2, 2022.
             Was a High Priest of Ignis.
             Slain by a gnoll
             ... wielding a +0 spear
              (9 damage)
             ... on level 1 of the Dungeon.
             The game lasted 00:01:08 (822 turns).

cdecastro the Firebug (Human Cinder Acolyte)         Turns: 822, Time: 00:01:08

Health: -3/29      AC:  2    Str: 14    XL:     3   Next: 5%
Magic:  4/4        EV: 11    Int: 16    God:    Ignis [*****.]
Gold:   17         SH:  0    Dex:  8    Spells: 2/4 levels left

rFire   + . .      SeeInvis .   a - -1 spear (flame)
rCold   . . .      Faith    .   (no shield)
rNeg    . . .      Spirit   .   b - +0 robe
rPois   .          Reflect  .   (no helmet)
rElec   .          Harm     .   (no cloak)
rCorr   .          Rampage  .   (no gloves)
Will    .....                   (no boots)
Stlth   +.........              (no amulet)
HPRegen 0.09/turn               (no ring)
MPRegen 0.09/turn               (no ring)

@: no status effects
A: no striking features
a: Renounce Religion, Fiery Armour, Foxfire Swarm, Rising Flame


You were on level 1 of the Dungeon.
You worshipped Ignis.
Ignis was extremely pleased with you.
You visited 1 branch of the dungeon, and saw 1 of its levels.

You collected 17 gold pieces.

Inventory:

Hand Weapons
 a - a -1 spear of flaming (weapon)
Missiles
 g - a throwing net (quivered)
 h - 3 poisoned darts
 i - 15 stones
Armour
 b - a +0 robe (worn)
 c - a +0 leather armour
Jewellery
 l - a ring of magical power
Scrolls
 d - a scroll of enchant weapon {unknown}
 e - a scroll of amnesia {unknown}
 j - 2 scrolls of enchant armour {unknown}
 k - 2 scrolls of identify {unknown}
Potions
 f - a potion of heal wounds {unknown}


   Skills:
 - Level 3.0 Fighting
 - Level 3.0 Polearms
 - Level 1.0 Spellcasting
 + Level 4.0 Fire Magic


You had 2 spell levels left.
You knew the following spells:

 Your Spells              Type           Power      Damage    Failure   Level
a - Scorch                Fire           26%        2d6       7%          2

Your spell library contained the following spells:

 Spells                   Type           Power      Damage    Failure   Level


Dungeon Overview and Level Annotations

Branches:
Dungeon (1/15)

Altars:


Message History

You hit the ball python. You burn the ball python.
You kill the ball python!
No target in view!
A kobold comes into view. It is wielding a +0 dagger.
The kobold shouts!
The kobold throws a stone.
The stone hits you.
A kobold is nearby!
A kobold is nearby!
Unknown command.
A kobold is nearby!
A kobold is nearby!
You reach to attack!
You hit the kobold. You burn the kobold.
You kill the kobold!
No target in view!
No target in view!
i - 15 stones (gained 5)
You see here a +0 dagger.
A gnoll comes into view. It is wielding a +0 spear.
The gnoll shouts!
A gnoll is nearby!
A gnoll is nearby!
A gnoll is nearby!
A gnoll is nearby!
No target in view!
You see here a +0 dagger.
A quokka comes into view.
The quokka barely misses you.
You hit the quokka but do no damage. The quokka closely misses you. x2
You hit the quokka but do no damage. The quokka bites you.
You hit the quokka but do no damage. The quokka bites you.
You closely miss the quokka. The quokka bites you.
The gnoll hits you from afar with a +0 spear.
You miss the quokka. The quokka bites you. The gnoll completely misses you.
You closely miss the quokka. The quokka bites you.
The gnoll hits you from afar with a +0 spear!
* * * LOW HITPOINT WARNING * * *
You closely miss the quokka. The quokka bites you.
* * * LOW HITPOINT WARNING * * *
The gnoll hits you from afar with a +0 spear!
You die...

#.#####...
#........#
#.#####..# #. #..#
#. #### #..# #. #..
#... #. #.# # ####
##.#####.#####.###..
#
#...##....g.@r......
##
#.....)#.##.##.####.
#. #...####.##.##.#
#. ##............^#
#. #.#######..####
######. #. #..#
#....†. g. #..#
#.#.... .## #..#
#.### .
######..###### #.#


You could see a gnoll and a quokka.

Vanquished Creatures
  6 ball pythons (D:1)
  3 bats (D:1)
  2 endoplasms (D:1)
  A giant cockroach (D:1)
  3 goblins (D:1)
  A hobgoblin (D:1)
  A frilled lizard (D:1)
  2 kobolds (D:1)
  2 rats (D:1)
21 creatures vanquished.

Notes
Turn   | Place    | Note
-------+----------+-------------------------------------------
     0 | D:1      | cdecastro the Human Cinder Acolyte began the quest for the
                  | Orb.
     0 | D:1      | Reached XP level 1. HP: 18/18 MP: 2/2
   260 | D:1      | Reached XP level 2. HP: 24/24 MP: 3/3
   732 | D:1      | Reached skill level 4 in Fire Magic
   732 | D:1      | Reached XP level 3. HP: 25/29 MP: 4/4
   735 | D:1      | Learned a level 2 spell: Scorch
   822 | D:1      | Slain by a gnoll

Illustrated notes

Levels and vault maps discovered:
D:1:      zelgadis_glass_arrival_small, layout_loops_ring

Skill      XL: |  1  2 |
---------------+-------+-----
Fire Magic     | 4 |  4.0
Fighting       | |  3.0
Polearms       | |  3.0
Spellcasting   | |  1.0

Action                   || total
-------------------------++-------
Melee: Spear             ||    80
       Punch             ||     2
 Stab: Sleeping          ||     1
Armor: Robe              ||    15
Dodge: Dodged            ||    46
